 Dungeon Crawl Stone Soup version 0.17-a0-1647-gb11a595 (webtiles) character file.

12 Chiseanne the Stinger (level 2, -2/23 HPs)
             Began as a Demonspawn Wanderer on July 29, 2015.
             Slain by a hobgoblin
             ... wielding a +0 club
              (4 damage)
             ... on level 1 of the Dungeon on Aug 12, 2015.
             The game lasted 00:02:37 (1206 turns).

Chiseanne the Stinger (Demonspawn Wanderer)         Turns: 1206, Time: 00:02:37

Health: -2/23      AC:  2    Str: 11    XL:     2   Next: 20%
Magic:  5/5        EV: 17    Int: 13    God:
Gold:   24         SH:  0    Dex: 18    Spells: 1 memorised, 4 levels left

rFire  . . .     SeeInvis .     i - +0 short sword
rCold  . . .     Clarity  .     e - +0 robe
rNeg   . . .     SustAt   .     (no shield)
rPois  .         Gourm    .     (no helmet)
rElec  .         Spirit   .     (no cloak)
rCorr  .         Warding  .     (no gloves)
rMut   .         Stasis   .     (no boots)
MR     .....                    (no amulet)
Stlth  +++.......               (no ring)
                                (no ring)

@: agile, not resistant to hostile enchantments, fairly stealthy
A: talons 1
a: no special abilities


You were on level 1 of the Dungeon.
You were very hungry.

You visited 1 branch of the dungeon, and saw 1 of its levels.

You collected 24 gold pieces.

Inventory:

Hand weapons
 b - a +2 blowgun
 i - a +0 short sword (weapon)
Missiles
 a - 3 curare-tipped needles
 j - 14 poisoned needles
Armour
 e - a +0 robe (worn)
Scrolls
 d - 2 scrolls of teleportation
 g - a scroll of fear {unknown}
Books
 c - Sif Muna's Papyrus of Shape Shifting

   Spells                             Type                      Level
   a - Beastly Appendage              Transmutation                1
   b - Ignite Poison                  Fire/Transmutation/Poison    3
Comestibles
 f - a bread ration


   Skills:
 * Level 2.3 Fighting
 - Level 1.0 Throwing
 * Level 1.1 Dodging
 * Level 2.2 Spellcasting
 * Level 0.5 Transmutations
   Level 3.0 Poison Magic
   Level 1.0 Evocations


You had 4 spell levels left.
You knew the following spells:

 Your Spells              Type           Power        Failure   Level  Hunger
a - Beastly Appendage     Trmt           #.....       21%         1    ##.....


Dungeon Overview and Level Annotations

Branches:
Dungeon (1/15)

Altars:


Innate Abilities, Weirdness & Mutations

You have sharp toenails.


Message History

You barely miss the hobgoblin.
You claw the hobgoblin, but do no damage.
You headbutt the hobgoblin, but do no damage.
The hobgoblin hits you with a club.
* * * LOW HITPOINT WARNING * * *
You closely miss the hobgoblin.
You claw the hobgoblin, but do no damage.
The hobgoblin closely misses you.
Your horns disappear.
You barely miss the hobgoblin. The hobgoblin hits you with a club.
* * * LOW HITPOINT WARNING * * *
You closely miss the hobgoblin.
The hobgoblin hits you but does no damage.
Drink which item? (? for menu, Esc to quit)
It was a potion of agility.
You feel agile all of a sudden.
The hobgoblin hits you but does no damage.
You hit the hobgoblin but do no damage. Your kick misses the hobgoblin.
The hobgoblin hits you with a club.
You die...

............#####
#.###...........#
..# #...........#
..# #รท........>.#
..# #...........#
#.# #...........#
............#####
#.####.......#####
.............'Kg@#
###.......#####
#......(#
#.......#
#.......#
#......(#
#.......##
.........#
.........#


You could see a hobgoblin and a kobold.

Vanquished Creatures
  A giant cockroach (D:1)
  2 hobgoblins (D:1)
  2 bats (D:1)
  A giant gecko (D:1)
  2 giant newts (D:1)
  2 goblins (D:1)
  2 kobolds (D:1)
  A rat (D:1)
13 creatures vanquished.

Notes
Turn   | Place    | Note
--------------------------------------------------------------
     0 | D:1      | Chiseanne the Demonspawn Wanderer began the quest for the Orb.
     0 | D:1      | Chiseanne set off with: 3 curare-tipped needles, a +2 blowgun, Sif Muna's Papyrus of Shape Shifting, a scroll of teleportation, a +0 robe, a bread ration
     0 | D:1      | Reached XP level 1. HP: 16/16 MP: 3/3
     3 | D:1      | Identified Sif Muna's Papyrus of Shape Shifting
     5 | D:1      | Learned a level 1 spell: Beastly Appendage
   496 | D:1      | Upgraded the game from 0.17-a0-1591-g7a45446 to 0.17-a0-1647-gb11a595
   826 | D:1      | Mutation became permanent: You have claws for feet. [demonic ancestry]
   826 | D:1      | Reached XP level 2. HP: 13/22 MP: 3/5
  1206 | D:1      | Slain by a hobgoblin

Vault maps used:
D:1:      dpeg_arrival_lava_temple_mockup, minmay_misc_feat_nine_boxes

Action                   || total
-------------------------++-------
Melee: Short sword       ||    45
       Unarmed           ||    11
       Dagger            ||     2
 Cast: Beastly Appendage ||    10
  Use: Potion            ||     1
